 Dungeon Crawl Stone Soup version 0.31-a0-426-g3a05650e59 (webtiles) character file.

Game seed: 6774343326932547840

1383 avis the Fighter (level 8, -3/79 HPs)
             Began as a Hill Orc Monk on July 30, 2023.
             Slain by a wyvern simulacrum (14 damage)
             ... on level 6 of the Dungeon on July 31, 2023.
             The game lasted 00:27:05 (6752 turns).

avis the Fighter (Hill Orc Monk)                    Turns: 6752, Time: 00:27:06

Health: -3/79      AC: 14    Str: 16    XL:     8   Next: 67%
Magic:  8/8        EV:  5    Int: 10    God:
Gold:   88         SH:  0    Dex: 13    Spells: 7/7 levels left

rFire   . . .        T - +1 broad axe of Malaise {holy, Fragile rElec rPois}
rCold   . . .        c - orb {light}
rNeg    . . .        k - +0 plate armour
rPois   +            (no helmet)
rElec   +            (no cloak)
rCorr   .            (no gloves)
SInv    .            A - +1 pair of boots
Will    .....        (no amulet) Stlth
                     (no ring)
HPRegen 0.33/turn    (no ring)
MPRegen 0.11/turn

%: no passive effects
@: slowed, glowing, very slow
A: no striking features
a: no special abilities


You were on level 6 of the Dungeon.
You visited 1 branch of the dungeon, and saw 6 of its levels.
You also visited: Ossuary.

You collected 376 gold pieces.
You spent 288 gold pieces at shops.

Inventory:

Hand Weapons
 g - a +0 sling
 m - a +2 short sword of speed
 M - a +0 spear
 N - a +0 spear
 Q - a +0 spear
 R - a +2 long sword
 S - a +2 dagger of venom
 T - the +1 broad axe of Malaise (weapon) {holy, Fragile rElec rPois}
   (You bought it in a shop on level 2 of the Dungeon)

   rElec:     It insulates you from electricity.
   rPois:     It protects you from poison.
   Fragile:   It will be destroyed if unequipped.
 V - a +3 falchion
Missiles
 d - 54 stones
 z - 8 poisoned darts (quivered)
 K - 4 javelins
Armour
 a - a +0 robe
 c - an orb of light (worn)
 k - a +0 plate armour (worn)
 l - a +1 leather armour of cold resistance
 A - a +1 pair of boots (worn)
 J - a +0 plate armour
 L - a +0 chain mail
 P - a +0 chain mail
 X - a +0 ring mail of cold resistance
Jewellery
 r - a ring of fire
 O - an amulet of faith
Talismans
 B - a maw talisman
 U - a beast talisman
Wands
 I - a wand of roots (9)
Scrolls
 e - a scroll of fog {unknown}
 i - a scroll of blinking {unknown}
 o - 6 scrolls of noise
 p - a scroll of poison {unknown}
 q - 12 scrolls of identify {unknown}
 t - 4 scrolls of immolation
 u - 2 scrolls of vulnerability {unknown}
 v - a scroll of torment {unknown}
 w - 4 scrolls of teleportation {unknown}
 y - a scroll of amnesia {unknown}
 F - a scroll of brand weapon {unknown}
 H - a scroll of summoning {unknown}
 W - a scroll of revelation {unknown}
Potions
 b - a potion of ambrosia
 f - 2 potions of haste {unknown}
 h - 2 potions of cancellation {unknown}
 j - a potion of attraction {unknown}
 n - 5 potions of curing {unknown}
 s - a potion of brilliance {unknown}
 x - 3 potions of heal wounds {unknown}
 C - a potion of enlightenment {unknown}
 D - a potion of might {unknown}
 E - a potion of mutation
 G - a potion of invisibility {unknown}


   Skills:
 - Level 10.0 Fighting
 - Level 5.0 Armour
 - Level 3.0 Dodging
 * Level 5.9 Unarmed Combat


You had 7 spell levels left.
You didn't know any spells.
Your spell library contained the following spells:

 Spells                   Type           Power      Damage    Failure   Level
 Apportation              Tloc           0%         N/A       100%        1
 Necrotise                Necr           0%         1d4       100%        1
 Summon Small Mammal      Summ           0%         N/A       100%        1
 Blink                    Tloc           0%         N/A       100%        2
 Manifold Assault         Tloc           0%         N/A       100%        4


Dungeon Overview and Level Annotations

Branches:
Dungeon (6/15)            Ossuary (visited)
 Temple: D:4-7

Altars:
Yredelemnul
The Shining One

Shops:
D:2 ?(


Message History

You feel less invigorated.
You feel less confused.
The wraith hits you but does no damage. x3
You barely miss the wraith.
The wraith is almost destroyed.
The wraith barely misses you. The wraith hits you!
The wraith drains your vigour!
You feel as though you will be slow longer.
You hit the wraith.
You destroy the wraith!
The necrophage barely misses you.
Your life force feels restored.
Training target 5.0 for Armour reached!
Your Armour skill increases to level 5!
You need to enable at least one skill for training.
You slash the necrophage!
The necrophage convulses!
The necrophage is severely damaged.
The necrophage completely misses you. The necrophage barely misses you.
The necrophage completely misses you.
You completely miss the necrophage.
The necrophage is severely damaged.
The necrophage hits you but does no damage.
The necrophage barely misses you.
You barely miss the necrophage.
The necrophage is severely damaged.
The necrophage hits you.
You feel drained. The necrophage hits you.
You feel drained.
The necrophage hits you but does no damage.
You hit the necrophage.
You destroy the necrophage!
The wyvern simulacrum bites you but does no damage.
The wyvern simulacrum bites you. The wyvern simulacrum freezes you!
* * * LOW HITPOINT WARNING * * *
Your life force feels restored.
You hit the wyvern simulacrum.
The wyvern simulacrum convulses.
The wyvern simulacrum is heavily damaged.
The wyvern simulacrum bites you!
* * * LOW HITPOINT WARNING * * *
The wyvern simulacrum freezes you!
You die...

....##..........................#
...[##..............[......♣♣♣..'
...###....##.............♣♣♣ ♣♣.#
...# #......#...........♣♣ P ♣##
...# #...##.............♣ 8. #
##.# ######.####.##.....♣ .). #
#.# #.# #.##....♣♣...P # ##.# #.#
#.##♣♣♣♣♣....P # ...# #.#
#@#♣♣.P......P # #### #.#
#Z#♣PZnZ...♣ # ## #.#
#Z#.ZP.Z.♣♣♣# # .# #.#
#Z...♣♣♣♣♣#.# # .# #.# ###### #.#
# .## ### #.# # ..########## #.#
# ..#.§.§.§### #.# # ..'...._.#A#
#.# #


You could see a wyvern simulacrum, a howler monkey simulacrum and a bullfrog
skeleton.

Vanquished Creatures
  A wraith (D:6)
  2 ogres
  A phantom (D:5)
  A necrophage (D:6)
  A bullfrog (D:5)
  4 scorpions
  3 wights
  2 hounds
  A sleepcap (D:6)
  Jessica (D:2)
  4 iguanas
  An orc wizard (D:6)
  4 mummies (Ossuary)
  4 gnolls (D:5)
  5 adders
  An ufetubus (D:4)
  3 dart slugs
  17 orcs
  3 ball pythons
  5 bats
  5 endoplasms
  3 giant cockroaches
  3 gnoll zombies (Ossuary)
  4 goblins
  6 hobgoblins
  8 jackals
  5 kobolds
  5 quokkas
  4 frilled lizards
  A hobgoblin zombie (Ossuary)
  2 kobold zombies (Ossuary)
  2 orc zombies (Ossuary)
  3 rats
115 creatures vanquished.

Notes
Turn   | Place    | Note
-------+----------+-------------------------------------------
     0 | D:1      | avis the Hill Orc Monk began the quest for the Orb.
     0 | D:1      | Reached XP level 1. HP: 19/19 MP: 1/1
    94 | D:1      | Reached skill level 4 in Fighting
   160 | D:1      | Reached XP level 2. HP: 23/27 MP: 2/2
  1229 | D:1      | Reached XP level 3. HP: 32/34 MP: 3/3
  1419 | D:2      | Noticed Jessica
  1425 | D:2      | Killed Jessica
  1426 | D:2      | Reached skill level 5 in Fighting
  1426 | D:2      | Reached XP level 4. HP: 41/42 MP: 4/4
  1549 | D:2      | Found a faded altar of an unknown god.
  1695 | D:2      | Found Atuoneuw's Antique Weapon Shop.
  1817 | D:2      | Found Maghuwk's Magic Scroll Boutique.
  1855 | D:2      | Reached skill level 1 in Armour
  3054 | D:4      | Reached skill level 5 in Unarmed Combat
  3054 | D:4      | Reached XP level 5. HP: 38/48 MP: 5/5
  3833 | D:4      | Noticed an ogre
  3842 | D:4      | Killed an ogre
  3843 | D:4      | Reached skill level 6 in Fighting
  3843 | D:4      | Reached XP level 6. HP: 57/57 MP: 6/6
  3923 | D:5      | Entered Level 5 of the Dungeon
  3927 | D:5      | Found a sand-covered staircase.
  3933 | Ossuary  | Entered an ossuary
  4898 | D:5      | Reached skill level 7 in Fighting
  4898 | D:5      | Reached XP level 7. HP: 57/66 MP: 7/7
  5094 | D:5      | Reached skill level 8 in Fighting
  5494 | D:5      | Reached skill level 9 in Fighting
  5658 | D:5      | Reached XP level 8. HP: 74/78 MP: 8/8
  5819 | D:6      | Reached skill level 10 in Fighting
  6137 | D:2      | Bought a polished broad axe for 288 gold pieces
  6137 | D:2      | Identified the +1 broad axe of Malaise {holy, Fragile rElec
                  | rPois} (You bought it in a shop on level 2 of the Dungeon)
  6625 | D:6      | Found a glowing golden altar of the Shining One.
  6627 | D:6      | Noticed an angel
  6664 | D:6      | Found a basalt altar of Yredelemnul.
  6666 | D:6      | Noticed a profane servitor
  6719 | D:6      | Noticed a wraith
  6747 | D:6      | Killed a wraith
  6748 | D:6      | Reached skill level 5 in Armour
  6752 | D:6      | Slain by a wyvern simulacrum

Illustrated notes

Levels and vault maps discovered:
D:1:      dpeg_arrival_simpleton_a, layout_basic, dk_noncrumbling_2
D:2:      layout_loops_corners, serial_shops, nicolae_shop_tiny_statue_garden,
          shop, hellmonk_ecumenical_altar_arch_garden, uniq_jessica
D:3:      layout_basic, nrook_loot_triangle, kennysheep_doodads
D:4:      layout_loops_corners, corexii_corridor_pit,
          nicolae_kite_square_tiling_tiny
D:5:      layout_loops_ring, nicolae_ossuary_entry_plus
D:6:      layout_basic, grunt_temple_overflow_holy_war,
          dilly_guarded_unrand_morg

Skill      XL: |  1  2  3  4  5  6  7  8 |
---------------+-------------------------+-----
Fighting       | 4 5 6 7 9 10 | 10.0
Unarmed Combat | 4 5 |  5.9
Armour         | 1 2 3 5 |  5.0
Dodging        | 3 |  3.0

Action                     |  1- 3 |  4- 6 |  7- 9 || total
---------------------------+-------+-------+-------++-------
  Melee: Unarmed           |    87 |   240 |   176 ||   503
         Broad axe         |       |       |     8 ||     8
  Throw: Dart              |       |     2 |     3 ||     5
         Throwing net      |       |     1 |       ||     1
  Evoke: Wand              |       |       |     1 ||     1
    Use: Potion            |       |       |     1 ||     1
   Stab: Held in net/web   |       |     1 |       ||     1
 Armour: Robe              |    13 |       |       ||    13
         Plate armour      |    31 |   113 |   107 ||   251
  Dodge: Dodged            |    52 |    45 |    42 ||   139

Table legend: (Time is in decaauts)
 A = Elapsed time spent in this place.
 B = Non-inter-level travel time spent in this place.
 C = Inter-level travel time spent in this place.
 D = Time resting spent in this place.
 E = Time spent auto-exploring this place.
 F = Levels seen in this place.
 G = Mean time per level.
                   A        B        C        D        E       F      G
               +--------+--------+--------+--------+--------+-----+--------+
         Total |   6739 |   5991 |    748 |    844 |   3507 |   7 |  962.7 |
       Dungeon |   6106 |   5358 |    748 |    463 |   3507 |   6 | 1017.7 |
       Ossuary |    632 |    632 |      0 |    381 |      0 |   1 |  632.0 |
               +--------+--------+--------+--------+--------+-----+--------+

Top non-repeatable levels by time:
     D:1: 1253 daAuts
     D:5: 1139 daAuts
     D:2: 979 daAuts
     D:4: 941 daAuts
     D:6: 941 daAuts
     D:3: 851 daAuts
 Ossuary: 632 daAuts
